 Dungeon Crawl Stone Soup version 0.29-a0-322-g68df515428 (webtiles) character file.

Game seed: 10076203422672173524

252 spiderkeys the Ducker (level 5, -3/28 HPs)
             Began as a Spriggan Abyssal Knight on Apr 9, 2022.
             Was a Priest of Lugonu.
             Killed from afar by Sigmund (7 damage)
             ... with a puff of flame
             ... on level 3 of the Dungeon.
             The game lasted 00:09:22 (3706 turns).

spiderkeys the Ducker (Spriggan Abyssal Knight)     Turns: 3706, Time: 00:09:22

Health: -3/28      AC:  6    Str:  9    XL:     5   Next: 89%
Magic:  3/7        EV: 19    Int: 11    God:    Lugonu [***...]
Gold:   90         SH:  0    Dex: 16    Spells: 3/4 levels left

rFire   . . .      SeeInvis +   a - +1 short sword (vorpal)
rCold   + . .      Faith    .   (no shield)
rNeg    . . .      Spirit   .   f - +0 robe
rPois   .          Reflect  .   (helmet restricted)
rElec   .          Harm     .   n - +1 cloak
rCorr   .          Rampage  .   (gloves unavailable)
Will    .....                   (boots unavailable)
Stlth   +.........              (no amulet)
HPRegen 0.09/turn               Z - ring of wizardry
MPRegen 0.10/turn               (no ring)

@: confused, very quick
A: very small, no large weapons, unfitting armour, see invisible, speed 3,
iridescent scales 1, cold resistance 1, dopey 1, evolution 1
a: Renounce Religion, Depart the Abyss, Bend Space, Banish


You were on level 3 of the Dungeon.
You worshipped Lugonu.
Lugonu was most pleased with you.
You visited 1 branch of the dungeon, and saw 3 of its levels.
You visited the Abyss 1 time.
You also visited: Sewer.

You collected 90 gold pieces.


Innate Abilities, Weirdness & Mutations

You are very small and have problems with some larger weapons.
You are too small for most types of armour.
You have supernaturally acute eyesight. (SInv)
You cover ground extremely quickly. (Speed+++)
You are partially covered in iridescent scales. (AC +2)
Your flesh is cold resistant. (rC+)
You are dopey. (Int -2)
You have hidden genetic potential.


   Skills:
 + Level 3.4 Fighting
 + Level 3.9 Short Blades
 + Level 4.9 Dodging
 + Level 4.3 Stealth
 - Level 2.0 Invocations


You had 3 spell levels left.
You knew the following spells:

 Your Spells              Type           Power      Damage    Failure   Level
f - Foxfire               Conj/Fire      0%         2x1d4     14%         1

Your spell library contained the following spells:

 Spells                   Type           Power      Damage    Failure   Level
 Conjure Flame            Conj/Fire      0%         6-21      38%         3
 Inner Flame              Hex/Fire       0%         N/A       38%         3
 Ozocubu's Armour         Ice            0%         N/A       38%         3
 Flame Wave               Conj/Fire      0%         2d4       77%         4
 Ozocubu's Refrigeration  Ice            0%         4d5       100%        7

Inventory:

Hand Weapons
 a - a +1 vorpal short sword (weapon)
 b - a +1 hunting sling
   (You found it on level 1 of the Dungeon)
Missiles
 e - 5 boomerangs
 j - 78 stones
Armour
 f - a +0 robe (worn)
 n - a +1 cloak (worn)
   (You found it on level 2 of the Dungeon)
Jewellery
 Z - a ring of wizardry (left hand)
   (You found it on level 1 of the Dungeon)
Scrolls
 c - a scroll of brand weapon
 k - a scroll of teleportation {@r4}
 l - a scroll of immolation {!r!r}
Potions
 i - 3 potions of curing {@q1}
 m - a potion of haste {@q3}
 r - a potion of might
 s - a potion of cancellation

Dungeon Overview and Level Annotations

Branches:
Dungeon (3/15)              Sewer (visited)

Altars:
Okawaru
Trog
Xom

Annotations:
D:3 Sigmund

#.#.# ##......#
#.#.##########.......
#......#........##..#
#...##.#.......###..#
.#.####....#.##.........<.#
|..........#..............#
#.####....####...####.#...
#.......#....# #.#.##
#..#@##.#....# #.#.#
#.รท#....#.#.####.#.# #
#..#..###.#......#.##
#.#..#..#..........#...
.####.#..#..#.#.#.####.#.##
............#.#.#.# #.#.#
#####.#..โ€
..#.#.#.####.#.#
....#...@.#.#.#......#.##
####......#.#...@........


You could see Sigmund (invisible).


Message History

You conjure some foxfire!
Sigmund shouts! ๐Ÿ˜ฎ MP[-1]
You lost 1 mp, and now have 6/7 mp.
Casting: Foxfire (safe; 14% risk of failure)
Confirm with . or Enter, or press ? or * to list all spells.
You miscast Foxfire.
You are very lightly contaminated with residual magic.
Nothing appears to happen.
The foxfire hits Sigmund. ๐Ÿ˜ฎ MP[-1]
You lost 1 mp, and now have 5/7 mp.
You aren't in the Abyss!
You aren't in the Abyss!
Unknown command.
Throw: 3 darts (poison)
Press: ? - help, Shift-Dir - straight line, f/p - Sigmund
Aim: Sigmund, wielding a +0 scythe and wearing a +0 robe (almost dead, ally target, 57% to hit)
You throw a poisoned dart. The poisoned dart hits Sigmund.
Throw: 2 darts (poison)
Press: ? - help, Shift-Dir - straight line, f/p - Sigmund
Aim: Sigmund, wielding a +0 scythe and wearing a +0 robe (almost dead, ally target, 57% to hit)
You throw a poisoned dart.
The poisoned dart completely misses Sigmund.
Throw: dart (poison)
Press: ? - help, Shift-Dir - straight line, f/p - Sigmund
Aim: Sigmund, wielding a +0 scythe and wearing a +0 robe (almost dead, ally target, 57% to hit)
You throw a poisoned dart.
The poisoned dart completely misses Sigmund.
Casting: Foxfire (safe; 14% risk of failure)
Confirm with . or Enter, or press ? or * to list all spells.
You conjure some foxfire! ๐Ÿ˜ฎ MP[-1]
You lost 1 mp, and now have 4/7 mp.
The foxfire hits Sigmund.
The foxfire hits Sigmund but does no damage.
The foxfire hits Sigmund.
Your magical contamination has completely faded away.
Casting: Foxfire (safe; 14% risk of failure)
Confirm with . or Enter, or press ? or * to list all spells.
You conjure some foxfire! ๐Ÿ˜ฎ HP[+1]
You see here a +0 club. ๐Ÿ˜ฎ MP[+1]
You see here a +0 club. ๐Ÿ˜ฎ HP[+1] Sigmund misses you.
Casting: Foxfire (safe; 14% risk of failure)
Confirm with . or Enter, or press ? or * to list all spells.
You conjure some foxfire! ๐Ÿ˜ฎ MP[-1]
You lost 1 mp, and now have 4/7 mp.
You see here a +0 club.
A ball python comes into view.
Casting: Foxfire (safe; 14% risk of failure)
Confirm with . or Enter, or press ? or * to list all spells.
You miscast Foxfire.
You are very lightly contaminated with residual magic.
Nothing appears to happen.
The ball python hisses angrily. ๐Ÿ˜ฎ MP[-1]
You lost 1 mp, and now have 3/7 mp.
Casting: Foxfire (safe; 14% risk of failure)
Confirm with . or Enter, or press ? or * to list all spells.
You conjure some foxfire!
The foxfire hits the ball python.
You kill the ball python!
Lugonu accepts your kill. ๐Ÿ˜ฎ MP[-1]
You lost 1 mp, and now have 2/7 mp.
The foxfire hits Sigmund but does no damage.
Sigmund points at you and mumbles some strange words.
You are confused.
Sigmund closely misses you. ๐Ÿ˜ฎ MP[+1] Sigmund casts a spell at you.
You easily resist.
You bump into the rock wall.
Sigmund points at you and mumbles some strange words.
You are more confused. ๐Ÿ˜• HP[+1]
You bump into the rock wall.
Your magical contamination has completely faded away.
Sigmund casts a spell at you. The magic dart hits you!
* * * LOW HITPOINT WARNING * * *
๐Ÿ˜จ HP[-9]
You take 9 damage, and now have 13/28 hp.
MASSIVE DAMAGE!! (PAUSE)
You bump into the rock wall.
Sigmund gestures wildly while chanting.
Sigmund flickers and vanishes for a moment.
You bump into the rock wall.
Sigmund points at you and mumbles some strange words.
The magic dart hits you!
* * * LOW HITPOINT WARNING * * *
๐Ÿ˜ฑ HP[-9]
You take 9 damage, and now have 4/28 hp.
MASSIVE DAMAGE!! (PAUSE) Sigmund casts a spell at you.
The puff of flame hits you!
You die...

Skill      XL: |  1  2  3  4  5 |
---------------+----------------+-----
Stealth        | 1 2 3 4 |  4.3
Invocations    | 2 |  2.0
Short Blades   | 3 |  3.9
Dodging        | 4 |  4.9
Fighting       | 3 |  3.4

Action                   |  1- 3 |  4- 6 || total
-------------------------+-------+-------++-------
Melee: Short sword       |    45 |    29 ||    74
       Punch             |     1 |     1 ||     2
 Fire: Hunting sling     |    65 |    50 ||   115
Throw: Dart              |       |     6 ||     6
 Cast: Foxfire           |       |    26 ||    26
  Use: Scroll            |     1 |     7 ||     8
       Potion            |       |     8 ||     8
 Stab: Sleeping          |     2 |     1 ||     3
Armor: Robe              |     9 |     5 ||    14
Dodge: Dodged            |    72 |    22 ||    94

Levels and vault maps discovered:
D:1:      noname_arrival_rooms_in_the_neighbourhood, layout_loops_ring,
          minmay_quantized
D:2:      layout_loops_ring, hellmonk_ecumenical_altar_run_dry, minivault_19,
          uniq_natasha
D:3:      layout_basic, chequers_temple_overflow_statue_of_worship,
          portal_sewer_entry_b, serial_shops, nicolae_shop_hallway_plus,
          uniq_sigmund

Notes
Turn   | Place    | Note
-------+----------+-------------------------------------------
     0 | Abyss:1  | spiderkeys the Spriggan Abyssal Knight began the quest for
                  | the Orb.
     0 | Abyss:1  | Reached XP level 1. HP: 11/11 MP: 3/3
     0 | Abyss:1  | magus.rc [v1.11.3]
   143 | Abyss:1  | Noticed a hell hound
   225 | Abyss:3  | Found a corrupted altar of Lugonu.
   234 | Abyss:4  | Noticed a worldbinder
   241 | Abyss:4  | Noticed a red very ugly thing
   241 | Abyss:4  | Noticed a vault sentinel
   244 | D:1      | You pass through the gate.
   244 | D:1      | Escaped the Abyss
   632 | D:1      | Reached skill level 1 in Stealth
   632 | D:1      | Reached skill level 2 in Invocations
   632 | D:1      | Reached XP level 2. HP: 12/16 MP: 4/4
   732 | D:1      | You pick up a book of Flames and begin reading...
   732 | D:1      | You add the spells Foxfire, Conjure Flame, Inner Flame and
                  | Flame Wave to your library.
  1375 | D:2      | Noticed Natasha
  1383 | D:2      | HP: 4/16 [Natasha (3)]
  1384 | D:2      | Killed Natasha
  1385 | D:2      | Reached skill level 2 in Stealth
  1385 | D:2      | Reached XP level 3. HP: 5/19 MP: 5/5
  1608 | D:2      | Found a faded altar of an unknown god.
  1633 | D:2      | Reached *** piety under Lugonu
  1926 | D:2      | Reached skill level 3 in Short Blades
  2021 | D:2      | Reached skill level 4 in Dodging
  2021 | D:2      | Reached XP level 4. HP: 12/23 MP: 6/6
  2279 | D:2      | Noticed Natasha
  2290 | D:2      | Killed Natasha
  2291 | D:2      | Reached skill level 3 in Fighting
  2291 | D:2      | Reached skill level 3 in Stealth
  2543 | D:2      | Noticed Natasha
  2550 | D:2      | Killed Natasha
  2791 | D:2      | Learned a level 1 spell: Foxfire
  2833 | D:3      | You add the spells Ozocubu's Armour and Ozocubu's
                  | Refrigeration to your library.
  2854 | D:3      | Found a bloodstained altar of Trog.
  2854 | D:3      | Found a shimmering altar of Xom.
  2855 | D:3      | Found an iron altar of Okawaru.
  2910 | D:3      | Found a glowing drain.
  2915 | D:3      | Reached XP level 5. HP: 28/28 MP: 5/7
  2934 | Sewer    | Entered a sewer
  3045 | Sewer    | Noticed Pargi
  3054 | Sewer    | Killed Pargi
  3055 | Sewer    | Reached skill level 4 in Stealth
  3282 | Sewer    | Gained mutation: Your flesh is cold resistant. (rC+)
                  | [potion of mutation]
  3282 | Sewer    | Gained mutation: You are dopey. (Int -2) [potion of
                  | mutation]
  3282 | Sewer    | Gained mutation: You are partially covered in iridescent
                  | scales. (AC +2) [potion of mutation]
  3282 | Sewer    | Gained mutation: You have hidden genetic potential. [potion
                  | of mutation]
  3380 | D:3      | Noticed Sigmund
  3704 | D:3      | HP: 4/28 [Sigmund/magic dart (9)]
  3706 | D:3      | Killed from afar by Sigmund

Vanquished Creatures
  Pargi (Sewer)
  Natasha (thrice) (D:2)
  4 adders
  3 worms
  A dart slug (D:1)
  8 ball pythons
  4 endoplasms (D:1)
  A giant cockroach (D:1)
  2 goblins
  2 hobgoblins
  3 quokkas
  3 bats
  8 frilled lizards
  5 kobolds
  3 rats
51 creatures vanquished.

Vanquished Creatures (others)
  33 foxfires
33 creatures vanquished.

Grand Total: 84 creatures vanquished

Table legend:
 A = Non-vault XP
 B = Vault XP
 C = Vault XP percentage of total XP
 D = Non-vault monster count
 E = Vault monster count
 F = Vault count percentage of total count
                 A         B        C        D         E       F
            +---------+---------+-------+---------+---------+-------
      Total |     166 |     195 |  54.0 |      37 |      14 |  27.5
            +---------+---------+-------+---------+---------+-------
        D:1 |      26 |       8 |  23.5 |      16 |       3 |  15.8
        D:2 |     104 |      35 |  25.2 |      12 |       1 |   7.7
        D:3 |      36 |       6 |  14.3 |       9 |       2 |  18.2
      Sewer |       0 |     146 | 100.0 |       0 |       8 | 100.0
            +---------+---------+-------+---------+---------+-------

Illustrated notes

Table legend:
 A = Kills in this place as a percentage of kills in entire the game.
 B = Kills by you in this place as a percentage of kills by you in the entire game.
 C = Kills by friends in this place as a percentage of kills by friends in the entire game.
 D = Other kills in this place as a percentage of other kills in the entire game.
 E = Experience gained in this place as a percentage of experience gained in the entire game.
 F = Experience gained in this place divided by the number of levels of this place that you have seen.
                   A       B       C       D       E      F
               +-------+-------+-------+-------+-------+----------------------
         Total | 100.0 | 100.0 |   N/A |   N/A | 100.0 |  45.1
       Dungeon |  84.3 |  84.3 |   N/A |   N/A |  59.6 |  71.7
         Sewer |  15.7 |  15.7 |   N/A |   N/A |  40.4 | 146.0
               +-------+-------+-------+-------+-------+----------------------

Table legend: (Time is in decaauts)
 A = Elapsed time spent in this place.
 B = Non-inter-level travel time spent in this place.
 C = Inter-level travel time spent in this place.
 D = Time resting spent in this place.
 E = Time spent auto-exploring this place.
 F = Levels seen in this place.
 G = Mean time per level.
                   A        B        C        D        E       F      G
               +--------+--------+--------+--------+--------+-----+--------+
         Total |   2965 |   2906 |     59 |    399 |   1679 |   8 |  370.6 |
       Dungeon |   2471 |   2412 |     59 |    238 |   1546 |   3 |  823.7 |
         Abyss |    151 |    151 |      0 |      0 |     58 |   4 |   37.8 |
         Sewer |    342 |    342 |      0 |    160 |     74 |   1 |  342.0 |
               +--------+--------+--------+--------+--------+-----+--------+

Top non-repeatable levels by time:
     D:2: 1307 daAuts
     D:1: 781 daAuts
     D:3: 382 daAuts
   Sewer: 342 daAuts
 Abyss:1: 94 daAuts
 Abyss:2: 36 daAuts
 Abyss:3: 13 daAuts
 Abyss:4: 7 daAuts
